PAA
CASPER GHOSTS @ SUN PRAIRIE SWALLOWS
07/13/2025
 
TOP OF THE 1ST
Casper Ghosts batting - Pitching for Sun Prairie Swallows : LHP Xavier Padilla
Pitching: LHP Xavier Padilla
Batting: SHB Tim Fowler 0-0: Foul Ball, location: 2F
0-1: Swinging Strike
0-2: Ball
1-2: Strikes out looking
Batting: LHB Kyle Mann 0-0: Ball
1-0: SINGLE (Flyball, 89M)
Batting: RHB Félix Ramos 0-0: Called Strike
0-1: Ball
1-1: Fly out, F7 (Flyball, 78S)
Batting: RHB Ron Coffman 0-0: Ball
1-0: Ball
2-0: Called Strike
2-1: Called Strike
2-2: Ground out 5-3 (Groundball, 56)
Top of the 1st over - 0 run(s), 1 hit(s), 0 error(s), 1 left on base; Casper 0 - Sun Prairie 0
BOTTOM OF THE 1ST
Sun Prairie Swallows batting - Pitching for Casper Ghosts : RHP Wallace Elgie
Pitching: RHP Wallace Elgie
Batting: RHB José Silva 0-0: SINGLE (Line Drive, 8RS)
Batting: RHB Ghislain Vespucci 0-0: Ball
1-0: Called Strike
1-1: Called Strike
1-2: SINGLE (Flyball, 8LS)
José Silva to second
Runner from 2nd tries for 3rd, OUT!
Ghislain Vespucci to second
Batting: LHB Jorge Borbón 0-0: Ball
1-0: Ball
2-0: Ball
3-0: Base on Balls
Batting: RHB Luis Hernández 0-0: Called Strike
0-1: Ball
1-1: Foul Ball, location: 2F
1-2: Strikes out swinging
Batting: LHB Carlos Garza 0-0: Swinging Strike
0-1: Fly out, F7 (Flyball, 7)
Bottom of the 1st over - 0 run(s), 2 hit(s), 0 error(s), 2 left on base; Casper 0 - Sun Prairie 0
TOP OF THE 2ND
Casper Ghosts batting - Pitching for Sun Prairie Swallows : LHP Xavier Padilla
Batting: SHB Erjan Kerstens 0-0: Ball
1-0: Ground out 6-3 (Groundball, 6S)
Batting: RHB Anbrosio Oppenes 0-0: Called Strike
0-1: Ball
1-1: Foul Ball, location: 2F
1-2: Ball
2-2: Fly out, F9 (Flyball, 89D)
Batting: RHB Juan Carlos Cruz 0-0: Ball
1-0: Swinging Strike
1-1: Foul Ball, location: 2F
1-2: Foul Ball, location: 2F
1-2: Ball
2-2: Foul Ball, location: 2F
2-2: Strikes out swinging
Top of the 2nd over - 0 run(s), 0 hit(s), 0 error(s), 0 left on base; Casper 0 - Sun Prairie 0
BOTTOM OF THE 2ND
Sun Prairie Swallows batting - Pitching for Casper Ghosts : RHP Wallace Elgie
Batting: RHB José Sánchez 0-0: Ball
1-0: Ball
2-0: Ground out 1-3 (Groundball, 13)
Batting: RHB Alfonso López 0-0: Ball
1-0: Swinging Strike
1-1: Ball
2-1: Ball
3-1: Foul Ball, location: 2F
3-2: Foul Ball, location: 2F
3-2: Foul Ball, location: 2F
3-2: Ground out 4-3 (Groundball, 4)
Batting: RHB Dan Hart 0-0: Swinging Strike
0-1: Foul Ball, location: 2F
0-2: Foul Ball, location: 2F
0-2: Strikes out swinging
Bottom of the 2nd over - 0 run(s), 0 hit(s), 0 error(s), 0 left on base; Casper 0 - Sun Prairie 0
TOP OF THE 3RD
Casper Ghosts batting - Pitching for Sun Prairie Swallows : LHP Xavier Padilla
Batting: RHB Roberto De La Cruz 0-0: Ball
1-0: Ball
2-0: Ball
3-0: Called Strike
3-1: SINGLE (Line Drive, 7LM)
Batting: SHB Alonso Rodríguez 0-0: Ball
1-0: Ball
2-0: Ball
3-0: Base on Balls
Roberto De La Cruz to second
Batting: SHB Tim Fowler 0-0: Ball
1-0: Ball
2-0: Called Strike
2-1: Ball
3-1: Base on Balls
Roberto De La Cruz to third
Alonso Rodríguez to second
Batting: LHB Kyle Mann 0-0: Ball
1-0: Called Strike
1-1: Ball
2-1: Fly out, F7 (Flyball, 78S)
Runner from 3rd tags up, SCORES, no throw
Batting: RHB Félix Ramos 0-0: Fly out, F9 (Flyball, 9LSF)
Batting: RHB Ron Coffman 0-0: Called Strike
0-1: Ball
1-1: Ball
2-1: Fielders Choice at 2nd, 5-4 (Groundball, 56)
Top of the 3rd over - 1 run(s), 1 hit(s), 0 error(s), 1 left on base; Casper 1 - Sun Prairie 0
BOTTOM OF THE 3RD
Sun Prairie Swallows batting - Pitching for Casper Ghosts : RHP Wallace Elgie
Batting: RHB Darby Carveth 0-0: Ball
1-0: Ball
2-0: Foul Ball, location: 2F
2-1: Called Strike
2-2: Fly out, F9 (Flyball, 9S)
Batting: RHB José Silva 0-0: Called Strike
0-1: Ball
1-1: Swinging Strike
1-2: Foul Ball, location: 2F
1-2: Foul Ball, location: 2F
1-2: Strikes out swinging
Batting: RHB Ghislain Vespucci 0-0: Ball
1-0: Ball
2-0: Fly out, F9 (Line Drive, 9)
Bottom of the 3rd over - 0 run(s), 0 hit(s), 0 error(s), 0 left on base; Casper 1 - Sun Prairie 0
TOP OF THE 4TH
Casper Ghosts batting - Pitching for Sun Prairie Swallows : LHP Xavier Padilla
Batting: SHB Erjan Kerstens 0-0: Ball
1-0: Ball
2-0: Called Strike
2-1: Foul Ball, location: 2F
2-2: Ball
3-2: Base on Balls
Batting: RHB Anbrosio Oppenes 0-0: 2-RUN HOME RUN (Flyball, 7D), Distance : 412 ft
Batting: RHB Juan Carlos Cruz 0-0: Called Strike
0-1: Ball
1-1: Swinging Strike
1-2: Ball
2-2: Fly out, F5 (Popup, 56)
Batting: RHB Roberto De La Cruz 0-0: Ball
1-0: Ball
2-0: Called Strike
2-1: SINGLE (Line Drive, 4D)
Pitching: RHP Sherwood Lang
Batting: SHB Alonso Rodríguez 0-0: Called Strike
0-1: Ball
1-1: Fly out, F9 (Flyball, 89S)
Batting: SHB Tim Fowler 0-0: Ball
1-0: Ball
2-0: Foul Ball, location: 2F
2-1: Swinging Strike
2-2: Ball
3-2: Foul Ball, location: 2F
3-2: Foul Ball, location: 2F
3-2: Strikes out swinging
Top of the 4th over - 2 run(s), 2 hit(s), 0 error(s), 1 left on base; Casper 3 - Sun Prairie 0
BOTTOM OF THE 4TH
Sun Prairie Swallows batting - Pitching for Casper Ghosts : RHP Wallace Elgie
Batting: LHB Jorge Borbón 0-0: Ball
1-0: Ball
2-0: Foul Ball, location: 2F
2-1: Called Strike
2-2: Foul Ball, location: 2F
2-2: Ball
3-2: Fly out, F9 (Flyball, 89XD)
Batting: RHB Luis Hernández 0-0: Ball
1-0: Called Strike
1-1: Ground out 6-3 (Groundball, 6)
Batting: LHB Carlos Garza 0-0: Ball
1-0: Fly out, F6 (Line Drive, 6)
Bottom of the 4th over - 0 run(s), 0 hit(s), 0 error(s), 0 left on base; Casper 3 - Sun Prairie 0
TOP OF THE 5TH
Casper Ghosts batting - Pitching for Sun Prairie Swallows : RHP Sherwood Lang
Batting: LHB Kyle Mann 0-0: Swinging Strike
0-1: Ball
1-1: Ball
2-1: Called Strike
2-2: Ground out 4-3 (Groundball, 4)
Batting: RHB Félix Ramos 0-0: Called Strike
0-1: Called Strike
0-2: Ball
1-2: Ground out 6-3 (Groundball, 6M)
Batting: RHB Ron Coffman 0-0: Foul Ball, location: 2F
0-1: Fly out, F7 (Flyball, 7)
Top of the 5th over - 0 run(s), 0 hit(s), 0 error(s), 0 left on base; Casper 3 - Sun Prairie 0
BOTTOM OF THE 5TH
Sun Prairie Swallows batting - Pitching for Casper Ghosts : RHP Wallace Elgie
Batting: RHB José Sánchez 0-0: SINGLE (Flyball, 9S)
Batting: RHB Alfonso López 0-0: Called Strike
0-1: Bunt missed!
0-2: SINGLE (Line Drive, 78S)
José Sánchez to second
Batting: RHB Dan Hart 0-0: Ball
1-0: Foul Ball, location: 2F
1-1: Reached on error, E7 (Line Drive, 7)
José Sánchez to third
Alfonso López to second
Batting: RHB Darby Carveth 0-0: Ball
1-0: Ball
2-0: Ball
3-0: Called Strike
3-1: Base on Balls
José Sánchez scores
Alfonso López to third
Dan Hart to second
Batting: RHB José Silva 0-0: Swinging Strike
0-1: Ball
1-1: Called Strike
1-2: Reached on error, E5 (Groundball, 5D)
Alfonso López scores
Dan Hart to third
Darby Carveth to second
Batting: RHB Ghislain Vespucci 0-0: Ball
1-0: Ball
2-0: Grounds into double play, 6-4-3 (Groundball, 6)
Dan Hart scores
Darby Carveth to third
Batting: LHB Jorge Borbón 0-0: Ball
1-0: Ball
2-0: Ball
3-0: Base on Balls
Batting: RHB Luis Hernández 0-0: Fly out, F6 (Line Drive, 6MD)
Bottom of the 5th over - 3 run(s), 2 hit(s), 2 error(s), 2 left on base; Casper 3 - Sun Prairie 3
TOP OF THE 6TH
Casper Ghosts batting - Pitching for Sun Prairie Swallows : RHP Sherwood Lang
Batting: SHB Erjan Kerstens 0-0: Foul Ball, location: 2F
0-1: Foul Ball, location: 2F
0-2: Ground out 4-3 (Groundball, 4S)
Batting: RHB Anbrosio Oppenes 0-0: Fly out, F6 (Line Drive, 6)
Batting: RHB Juan Carlos Cruz 0-0: Called Strike
0-1: Ball
1-1: Called Strike
1-2: Strikes out looking
Top of the 6th over - 0 run(s), 0 hit(s), 0 error(s), 0 left on base; Casper 3 - Sun Prairie 3
BOTTOM OF THE 6TH
Sun Prairie Swallows batting - Pitching for Casper Ghosts : RHP Wallace Elgie
Batting: LHB Carlos Garza 0-0: Swinging Strike
0-1: DOUBLE (Flyball, 7LM)
Batting: RHB José Sánchez 0-0: Ball
1-0: Ball
2-0: Ball
3-0: Foul Ball, location: 2F
3-1: Base on Balls
Batting: RHB Alfonso López 0-0: Ball
1-0: Sac Bunt - play at first, batter OUT! 5-4
Carlos Garza to third
José Sánchez to second
Batting: RHB Dan Hart 0-0: Ground out 5-3 (Groundball, 56)
Batting: RHB Darby Carveth 0-0: Swinging Strike
0-1: Foul Ball, location: 2F
Balk!
Carlos Garza scores
José Sánchez to third
0-2: Strikes out swinging
Bottom of the 6th over - 1 run(s), 1 hit(s), 0 error(s), 1 left on base; Casper 3 - Sun Prairie 4
TOP OF THE 7TH
Casper Ghosts batting - Pitching for Sun Prairie Swallows : RHP Sherwood Lang
Batting: RHB Roberto De La Cruz 0-0: Called Strike
0-1: Ball
1-1: Foul Ball, location: 2F
1-2: Ball
2-2: Ball
3-2: Base on Balls
Pinch Hitting: RHB Freddy Carea 0-0: Bunted foul
0-1: Bunted foul
0-2: Foul Ball, location: 2F
0-2: Ball
1-2: Grounds into double play, 1-6-3 (Groundball, 13)
Batting: SHB Tim Fowler 0-0: Called Strike
0-1: Ball
1-1: Ball
2-1: Ground out 6-3 (Groundball, 6MS)
Top of the 7th over - 0 run(s), 0 hit(s), 0 error(s), 0 left on base; Casper 3 - Sun Prairie 4
BOTTOM OF THE 7TH
Sun Prairie Swallows batting - Pitching for Casper Ghosts : RHP Wallace Elgie
Now in LF: Bert Cook
Batting: RHB José Silva 0-0: Fly out, F8 (Line Drive, 89M)
Batting: RHB Ghislain Vespucci 0-0: SINGLE (Flyball, 9LS)
Batting: LHB Jorge Borbón 0-0: Ball
1-0: Fly out, F4 (Line Drive, 4M)
Batting: RHB Luis Hernández 0-0: Foul Ball, location: 2F
0-1: Ball
1-1: Foul Ball, location: 2F
1-2: Ground out U3 (Groundball, 2R)
Bottom of the 7th over - 0 run(s), 1 hit(s), 0 error(s), 1 left on base; Casper 3 - Sun Prairie 4
TOP OF THE 8TH
Casper Ghosts batting - Pitching for Sun Prairie Swallows : RHP Sherwood Lang
Pitching: RHP Roelof van den Hoek
Batting: LHB Kyle Mann 0-0: Called Strike
0-1: Ball
1-1: Ball
2-1: Swinging Strike
2-2: Strikes out swinging
Batting: RHB Félix Ramos 0-0: Ground out 4-3 (Groundball, 4)
Batting: RHB Ron Coffman 0-0: Called Strike
0-1: Foul Ball, location: 2F
0-2: Ball
1-2: Ball
2-2: Foul Ball, location: 2F
2-2: Ball
3-2: Base on Balls
Pitching: LHP Yvan Benincasa
Batting: SHB Erjan Kerstens 0-0: Called Strike
0-1: Ball
1-1: Foul Ball, location: 2F
1-2: Fly out, F9 (Flyball, 9S)
Top of the 8th over - 0 run(s), 0 hit(s), 0 error(s), 1 left on base; Casper 3 - Sun Prairie 4
BOTTOM OF THE 8TH
Sun Prairie Swallows batting - Pitching for Casper Ghosts : RHP Wallace Elgie
Batting: LHB Carlos Garza 0-0: Called Strike
0-1: Ground out U3 (Groundball, 34S)
Pitching: RHP Anthony Snyder
Batting: RHB José Sánchez 0-0: Ground out 5-3 (Groundball, 56)
Batting: RHB Alfonso López 0-0: Ball
1-0: Ball
2-0: SINGLE (Line Drive, 4MD)
Pinch Hitting: RHB Jim Unknown 0-0: Ground out 1-3 (Groundball, 15)
Bottom of the 8th over - 0 run(s), 1 hit(s), 0 error(s), 1 left on base; Casper 3 - Sun Prairie 4
TOP OF THE 9TH
Casper Ghosts batting - Pitching for Sun Prairie Swallows : LHP Yvan Benincasa
Pitching: RHP Kyle MacRae
Now at 2B: Jim Unknown
Pinch Hitting: RHB Henry Lambright 0-0: Foul Ball, location: 2F
0-1: Called Strike
0-2: Ball
1-2: Foul Ball, location: 2F
1-2: Ball
2-2: Ball
3-2: Ground out 6-3 (Groundball, 6MD)
Batting: RHB Juan Carlos Cruz 0-0: Ball
1-0: Ball
2-0: Swinging Strike
2-1: Ball
3-1: SINGLE (Line Drive, 7S)
Pinch Hitting: SHB José Juárez 0-0: Fly out, F8 (Flyball, 89M)
Pinch Hitting: SHB Spencer Landes 0-0: Ball
1-0: Ball
2-0: Foul Ball, location: 2F
2-1: Called Strike
2-2: Foul Ball, location: 2F
2-2: DOUBLE (Flyball, 8RD)
Juan Carlos Cruz to third
Batting: SHB Tim Fowler 0-0: Foul Ball, location: 2F
0-1: SINGLE (Line Drive, 8RS)
Juan Carlos Cruz scores
Spencer Landes to third
Runner from 3rd tries for Home, SAFE, no throw
Batting: LHB Kyle Mann 0-0: Called Strike
0-1: Swinging Strike
0-2: Ball
1-2: Ball
Tim Fowler steals 2nd base
2-2: SINGLE (Groundball, 4MD)
Tim Fowler to third
Runner from 3rd tries for Home, SAFE, no throw
Pitching: RHP Emory Bryant
Batting: RHB Félix Ramos 0-0: Foul Ball, location: 2F
0-1: Swinging Strike
0-2: Ball
1-2: Strikes out swinging
Top of the 9th over - 3 run(s), 4 hit(s), 0 error(s), 1 left on base; Casper 6 - Sun Prairie 4
BOTTOM OF THE 9TH
Sun Prairie Swallows batting - Pitching for Casper Ghosts : RHP Anthony Snyder
Pitching: RHP Jim Unknown
Now at 1B: Spencer Landes
Now at 3B: Dave Young
Now in LF: Manny Maltby
Batting: RHB Darby Carveth 0-0: Ball
1-0: Foul Ball, location: 2F
1-1: Ground out 5-3 (Groundball, 5)
Batting: RHB José Silva 0-0: Ball
1-0: Ball
2-0: Foul Ball, location: 2F
2-1: Reached on error, E6 (Groundball, 6)
Batting: RHB Ghislain Vespucci 0-0: Called Strike
0-1: Foul Ball, location: 2F
0-2: Strikes out looking
Batting: LHB Jorge Borbón 0-0: Ball
1-0: Ball
2-0: Foul Ball, location: 2F
2-1: Foul Ball, location: 2F
2-2: Strikes out swinging
Bottom of the 9th over - 0 run(s), 0 hit(s), 1 error(s), 1 left on base; Casper 6 - Sun Prairie 4
Friday, December 30th, 2016 - OOTP Baseball 17.12 Build 75